 Dungeon Crawl Stone Soup version 0.19.5-1-g796a6487f8 (webtiles) character file.

1175 Chimkentus the Chopper (level 8, -11/62 HPs)
             Began as a Formicid Fighter on Dec 17, 2023.
             Was an Initiate of Cheibriados.
             Killed from afar by an adder (13 damage)
             ... with an exploding inner flame
             ... hexed by the player character
             ... on level 10 of the Dungeon.
             The game lasted 00:30:44 (5776 turns).

Chimkentus the Chopper (Formicid Fighter)           Turns: 5776, Time: 00:30:45

Health: -11/62     AC:  8    Str: 33    XL:     8   Next: 69%
Magic:  8/8        EV: 11    Int:  9    God:    Cheibriados [......]
Gold:   241        SH: 11    Dex: 11    Spells: 0 memorised, 7 levels left

rFire  + . .     SeeInvis +     a - +0 war axe
rCold  . . .     Gourm    .     b - +0 scale mail
rNeg   . . .     Faith    .     c - +0 shield
rPois  .         Spirit   .     (helmet unavailable)
rElec  .         Reflect  .     A - +0 cloak
rCorr  .         Harm     .     (no gloves)
MR     .....                    (no boots)
Stlth  ..........               (no amulet)
                                K - +3 ring of strength
                                O - +6 ring of strength

@: lethally poisoned (-11 -> -19), starving, very slow
A: permanent stasis, dig shafts and tunnels, four strong arms, antennae 3,
talons 1, fire resistance 1
a: Dig, Shaft Self, Bend Time, Renounce Religion


You were on level 10 of the Dungeon.
You worshipped Cheibriados.
Cheibriados was noncommittal.
You were starving.

You visited 2 branches of the dungeon, and saw 10 of its levels.

You collected 241 gold pieces.

Inventory:

Hand Weapons
 a - a +0 war axe (weapon)
 i - a +2 dagger of holy wrath
Missiles
 k - 34 sling bullets
 l - 67 bolts
 t - 4 tomahawks (quivered)
 w - 140 arrows
Armour
 b - a +0 scale mail (worn)
 c - a +0 shield (worn)
 h - the +1 robe of Dramatic Exits {rC+ rN++ MP+9 Stlth-}
   (You found it on level 5 of the Dungeon)

   It protects you from cold.
   It greatly protects you from negative energy.
   It affects your magic capacity (+9).
   It makes you less stealthy.
 A - a +0 cloak (worn)
Jewellery
 y - a +5 ring of intelligence
 F - an uncursed ring of resist corrosion
 I - a +1 ring of protection
 K - a +3 ring of strength (right hand)
 N - a +5 ring of intelligence
 O - a +6 ring of strength (left hand)
Wands
 o - a wand of flame (30/48)
Scrolls
 d - a scroll of magic mapping
 e - a scroll of noise
 m - a scroll of immolation
 n - 4 scrolls of teleportation
 q - 2 scrolls of enchant weapon {unknown}
 u - 2 scrolls of remove curse
 v - 2 scrolls of recharging
 E - a scroll of identify
 L - a scroll of fear {unknown}
 M - a scroll of blinking {unknown}
Potions
 D - 2 potions of brilliance
Books
 J - a book of Callings

   Spells                             Type                      Level
   a - Summon Small Mammal            Summoning                    1
   b - Call Imp                       Summoning                    2
   c - Call Canine Familiar           Summoning                    3
   d - Summon Guardian Golem          Hexes/Summoning              3
   e - Summon Lightning Spire         Summoning/Air                4
   f - Summon Ice Beast               Ice/Summoning                4
Comestibles
 f - 6 bread rations
 g - 3 beef jerkies
 j - 2 fruits
 r - 3 meat rations
 x - a royal jelly


   Skills:
 + Level 5.0 Fighting
 + Level 6.0 Axes
   Level 0.8 Staves
 + Level 1.0 Throwing
 + Level 5.2 Armour
 * Level 3.4 Dodging
 + Level 0.6 Stealth
 + Level 5.7 Shields
 * Level 1.2 Invocations


You had 7 spell levels left.
You didn't know any spells.

Dungeon Overview and Level Annotations

Branches:
Dungeon (8/15)             Temple (1/1) D:6             Orc (0/2) D:10
   Lair: D:8-11

Altars:
Ashenzari
Cheibriados
Dithmenos
Elyvilon
Fedhas
Gozag
Hepliaklqana
Kikubaaqudgha
Makhleb
Nemelex Xobeh
Okawaru
Qazlal
Ru
Trog
Uskayaw
Vehumet
Xom
Yredelemnul
Zin
The Shining One

Annotations:
D:7 Joseph


Innate Abilities, Weirdness & Mutations

You are under a permanent stasis effect.
You can dig through walls and to a lower floor.
Your four strong arms can wield two-handed weapons with a shield.
You have a pair of large antennae on your head. (SInv)
You have sharp toenails.
Your flesh is heat resistant. (rF+)


Message History

The bullfrog skeleton barely misses you.
The adder bites you but does no damage.
You block the bullfrog skeleton's attack.
Okay, then.
As you read the scroll labeled DEOG WAUD OSUI, it crumbles to dust.
The creatures around you are filled with an inner flame!
It was a scroll of immolation.
* * * LOW HITPOINT WARNING * * *
You feel sick. The adder bites you.
* * * LOW HITPOINT WARNING * * *
You are more poisoned.
The adder poisons you!
The bullfrog skeleton closely misses you.
The adder misses you.
You hit the bullfrog skeleton.
The bullfrog skeleton explodes!
The fiery explosion engulfs the adder.
The adder explodes!
The fiery explosion engulfs you! You resist.
You die...

*,,,,,,,,,,,,,,,,,,,,**
#.............,,,,,,,**
#..).........(,,,,,,,**
#.............,,,,,,,*,
#..).....?....,,,,,,,**
#.............,,,,,,,*
#....§§5§.....,,,,,,,**
#....§§§§.....,,,,,,,**
#....§@§§.....,,,,,,,**
#.............,,,,,,,**
#...^.........,,,,,,,**
#.............,,<,,,,**
#.............,,,,,,,,,
#.............,,,,,,,,,
#.############,*****,,*
#.* ***≈≈≈≈≈≈,,* *,*
**≈≈≈≈≈≈≈≈≈≈≈


You could see a crimson imp (inner flame).

Vanquished Creatures
  An orc warrior (D:6)
  A sky beast (D:5)
  The ghost of CannibalFerox the Bolt Thrower, an amateur MiHu (D:3)
  An ogre (D:5)
  A killer bee (D:8)
  A howler monkey (D:5)
  A crimson imp (D:5)
  A hound (D:5)
  3 orc priests
  Crazy Yiuf (D:3)
  A centaur skeleton (D:4)
  Ijyb (D:2)
  4 orc wizards
  4 worker ants
  2 worker ant zombies
  12 adders
  4 gnolls
  2 oozes
  An adder zombie (D:6)
  5 worms
  3 dart slugs
  3 leopard geckos
  19 orcs
  A ball python (D:2)
  3 giant cockroaches
  9 hobgoblins
  11 jackals
  4 kobolds
  6 bats
  2 frilled lizards
  11 goblins
  A jackal skeleton (D:5)
  A jackal zombie (D:6)
  7 rats
129 creatures vanquished.

Notes
Turn   | Place    | Note
-------+----------+-------------------------------------------
     0 | D:1      | Chimkentus the Formicid Fighter began the quest for the Orb.
     0 | D:1      | Reached XP level 1. HP: 18/18 MP: 1/1
   199 | D:1      | Reached XP level 2. HP: 24/24 MP: 2/2
   412 | D:1      | Reached XP level 3. HP: 26/29 MP: 3/3
   800 | D:2      | Found a blossoming altar of Fedhas.
   873 | D:2      | Reached XP level 4. HP: 37/37 MP: 4/4
   905 | D:2      | Reached skill level 1 in Dodging
   964 | D:2      | Found an ancient bone altar of Kikubaaqudgha.
  1244 | D:2      | Noticed Ijyb
  1250 | D:2      | Killed Ijyb
  1250 | D:2      | Reached XP level 5. HP: 34/42 MP: 5/5
  1486 | D:2      | Found a white marble altar of Elyvilon.
  1596 | D:3      | Reached skill level 3 in Axes
  1695 | D:3      | Noticed CannibalFerox's ghost (amateur MiHu)
  1717 | D:3      | Killed CannibalFerox's ghost
  1717 | D:3      | Reached XP level 6. HP: 24/48 MP: 6/6
  2180 | D:3      | Found a runed door.
  2185 | D:3      | Noticed Crazy Yiuf
  2191 | D:3      | Killed Crazy Yiuf
  2353 | D:4      | Reached skill level 4 in Axes
  2671 | D:4      | Reached XP level 7. HP: 38/54 MP: 7/7
  3110 | D:5      | Entered Level 5 of the Dungeon
  3154 | D:5      | Reached skill level 5 in Shields
  3169 | D:5      | Got a heavily jewelled robe
  3251 | D:5      | Reached skill level 5 in Axes
  3444 | D:5      | Found a sparkling altar of Nemelex Xobeh.
  3810 | D:5      | Reached XP level 8. HP: 61/61 MP: 8/8
  3814 | D:5      | Gained mutation: Your flesh is heat resistant. (rF+) [mutagenic meat]
  3815 | D:5      | Gained mutation: You have sharp toenails. [mutagenic meat]
  3826 | D:5      | Identified the cursed +1 robe of Dramatic Exits {rC+ rN++ MP+9 Stlth-} (You found it on level 5 of the Dungeon)
  3845 | D:5      | Found a glowing golden altar of the Shining One.
  3858 | D:5      | Reached skill level 5 in Armour
  4015 | D:5      | Reached skill level 1 in Throwing
  4516 | D:6      | Found a snail-covered altar of Cheibriados.
  4547 | D:6      | Reached skill level 6 in Axes
  4809 | D:6      | Found a staircase to the Ecumenical Temple.
  4834 | Temple   | Entered the Ecumenical Temple
  4974 | Temple   | Became a worshipper of Cheibriados the Contemplative
  5269 | D:6      | Reached skill level 5 in Fighting
  5456 | D:7      | Noticed Joseph
  5481 | D:7      | You fall through a shaft!
  5729 | D:8      | Reached skill level 1 in Invocations
  5741 | D:8      | Noticed a queen bee
  5759 | D:8      | You fall through a shaft for 2 floors!
  5759 | D:10     | Entered Level 10 of the Dungeon
  5775 | D:10     | HP: 3/62 [poisoned by an adder]
  5776 | D:10     | Killed from afar by an adder

Skill      XL: |  1  2  3  4  5  6  7  8 |
---------------+-------------------------+-----
Shields        | 4 5 |  5.7
Dodging        | 1 2 3 |  3.4
Armour         | 4 5 |  5.2
Axes           | 3 4 5 6 |  6.0
Fighting       | 4 5 |  5.0
Throwing       | 1 |  1.0
Invocations    | 1 |  1.2
Staves         | |  0.8
Stealth        | |  0.6

Action                   |  1- 3 |  4- 6 |  7- 9 || total
-------------------------+-------+-------+-------++-------
Melee: War axe           |   102 |   169 |   157 ||   428
       Quarterstaff      |       |       |    54 ||    54
       Kick              |       |       |    39 ||    39
Throw: Tomahawk          |       |     4 |    15 ||    19
 Abil: Dig               |       |     1 |     6 ||     7
       Shaft Self        |       |       |     2 ||     2
  Use: Potion            |     1 |     3 |     9 ||    13
       Scroll            |       |     1 |     7 ||     8
  Eat: Chunk             |       |     6 |    12 ||    18
Armor: Scale mail        |    42 |    61 |    82 ||   185
       Skin              |       |     2 |       ||     2
Dodge: Dodged            |    37 |    59 |   105 ||   201
Block: Shield            |    52 |    94 |   140 ||   286
